 Dungeon Crawl Stone Soup version 0.19-b1-3-g7dea586 (webtiles) character file.

6158 Snowbleach the Slinger (level 11, -3/67 HPs)
             Began as a Halfling Hunter on Oct 28, 2016.
             Was a High Priest of Cheibriados.
             Slain by an orc warrior
             ... wielding a +0 short sword
              (9 damage)
             ... on level 10 of the Dungeon.
             The game lasted 02:12:59 (11177 turns).

Snowbleach the Slinger (Halfling Hunter)           Turns: 11177, Time: 02:12:59

Health: -3/67      AC: 15    Str: 27    XL:     11   Next: 13%
Magic:  9/11       EV: 21    Int: 26    God:    Cheibriados [*****.]
Gold:   712        SH:  0    Dex: 37    Spells: 0 memorised, 10 levels left

rFire  . . .     SeeInvis .     a - +4 hunting sling
rCold  x . .     Gourm    .     T - +2 chain mail of Claustrophobia {rF- Int+3 Dex+4}
rNeg   . . .     Faith    .     (shield restricted)
rPois  +         Spirit   .     (no helmet)
rElec  .         Reflect  .     q - +0 cloak
rCorr  .         Harm     .     (no gloves)
MR     .....                    w - +0 pair of boots
Stlth  ..........               (no amulet)
                                D - ring of fire
                                g - ring of poison resistance

@: very slightly contaminated, invisible, very slow
A: mutation resistance 1
a: Bend Time, Temporal Distortion, Slouch, Step From Time, Renounce Religion


You were on level 10 of the Dungeon.
You worshipped Cheibriados.
Cheibriados was extremely pleased with you.
You were not hungry.

You visited 2 branches of the dungeon, and saw 11 of its levels.
You also visited: Sewer.

You collected 712 gold pieces.

Inventory:

Hand Weapons
 a - a +4 hunting sling (weapon)
 L - a +2 dagger of protection
 Q - a +2 falchion of slicing
 X - a cursed -1 war axe
Missiles
 x - 18 poisoned needles
 y - 132 stones (quivered)
 H - 120 arrows
Armour
 c - a +2 leather armour
 q - a +0 cloak (worn)
 w - a +0 pair of boots (worn)
 T - the +2 chain mail of Claustrophobia (worn) {rF- Int+3 Dex+4}
   (You found it on level 8 of the Dungeon)

   It affects your intelligence (+3).
   It affects your dexterity (+4).
   It makes you vulnerable to fire.
Jewellery
 g - a ring of poison resistance (left hand)
 D - a ring of fire (right hand)
 V - a cursed ring of teleportation
Wands
 k - a wand of polymorph (12/24)
 J - a wand of flame (32/48)
 K - a wand of digging (12/24)
 M - a wand of random effects (14/48)
 O - a wand of lightning (7/15)
 R - a wand of random effects (12/48)
Scrolls
 e - 2 scrolls of remove curse
 i - a scroll of random uselessness
 l - 5 scrolls of blinking
 m - 4 scrolls of recharging
 o - a scroll of magic mapping {unknown}
 r - a scroll of noise {unknown}
 u - 2 scrolls of teleportation {unknown}
 E - 7 scrolls of identify
 F - 2 scrolls of fog
 I - 3 scrolls of amnesia
 P - a scroll of fear {unknown}
Potions
 b - 2 potions of ambrosia
 n - 5 potions of flight
 s - 4 potions of brilliance
 t - 4 potions of lignification
 v - 3 potions of degeneration
 z - 2 potions of curing {unknown}
 A - a potion of might {unknown}
 G - 3 potions of heal wounds
 N - a potion of cancellation {unknown}
Books
 U - a book of Frost

   Spells                             Type                      Level
   a - Freeze                         Ice                          1
   b - Throw Frost                    Conjuration/Ice              2
   c - Ozocubu's Armour               Charms/Ice                   3
   d - Throw Icicle                   Conjuration/Ice              4
   e - Summon Ice Beast               Ice/Summoning                4
 Y - a book of Flames

   Spells                             Type                      Level
   a - Flame Tongue                   Conjuration/Fire             1
   b - Throw Flame                    Conjuration/Fire             2
   c - Conjure Flame                  Conjuration/Fire             3
   d - Inner Flame                    Hexes/Fire                   3
   e - Sticky Flame                   Conjuration/Fire             4
   f - Fireball                       Conjuration/Fire             5
Miscellaneous
 W - a phial of floods
Comestibles
 f - 2 bread rations
 h - 2 royal jellies
 j - 3 slices of pizza
 B - a beef jerky
 C - 2 meat rations
 Z - 3 chunks of flesh


   Skills:
 - Level 3.0 Fighting
 + Level 8.8 Short Blades
   Level 1.1 Polearms
 + Level 13.3 Slings
 + Level 8.1 Armour
 + Level 8.8 Dodging
 - Level 1.1 Stealth


You had 10 spell levels left.
You didn't know any spells.

Dungeon Overview and Level Annotations

Branches:
Dungeon (10/15)            Temple (1/1) D:5            Lair (0/6) D:9
    Orc: D:9-12

Altars:
Ashenzari
Cheibriados
Dithmenos
Elyvilon
Fedhas
Gozag
Hepliaklqana
Kikubaaqudgha
Makhleb
Nemelex Xobeh
Okawaru
Qazlal
Ru
Sif Muna
Trog
Uskayaw
Vehumet
Xom
Yredelemnul
Zin
The Shining One

Shops:
D:9 *


Innate Abilities, Weirdness & Mutations

You are small and have problems with some larger weapons.
You are somewhat resistant to further mutation.


Message History

The orc warrior shouts!
You hear a shout! x2
Firing (i - inventory):
y - 133 stones (quivered)
Press: ? - help, Shift-Dir - straight line, f/p - orc warrior
Aim: an orc warrior, wielding a short sword and wearing a chain mail (severely wounded)
You shoot a stone. The stone hits the orc warrior!
The orc warrior is almost dead.
The orc warrior hits you from afar with a glaive!
* * * LOW HITPOINT WARNING * * *
You fade into invisibility!
The orc warrior barely misses you. The orc completely misses you.
The orc warrior completely misses you.
You are very lightly contaminated with residual magic.
A gnoll and an orc warrior come into view.
The gnoll shouts!
The orc warrior misses you.
The orc priest calls upon Beogh to heal the orc warrior.
The orc warrior is healed somewhat.
The orc closely misses you. The orc warrior misses you.
The orc warrior hits you with a short sword!
You die...

########...# #..). #...#
###.. #...# #.. #...# #..
#...#########.. #
#.............. #.
#..............
#.##'######..............
#oog{goo@..(.............
(.ggoooo..................
(.o######.................
. ###.............##
#########.....# #.....#
#.....# #######


You could see 4 orc warriors, a gnoll sergeant, 3 orc priests, 3 gnolls and 2
orcs.

Vanquished Creatures
  A troll (D:9)
  A hippogriff (D:8)
  Sigmund (D:5)
  A basilisk (D:10)
  A steam dragon (D:9)
  Menkaure (D:5)
  A soldier ant (D:10)
  5 sky beasts
  2 phantoms
  An orc warrior (D:9)
  A hornet zombie (D:8)
  3 ice beasts
  3 ogres
  5 wolves (D:9)
  2 necrophages
  A crocodile (D:8)
  3 centaurs
  The ghost of cedor the Firebug, an amateur OpFE (D:3)
  5 bullfrogs
  A wyvern zombie (D:8)
  A gnoll sergeant (D:9)
  4 scorpions
  3 electric eels
  2 howler monkeys (D:9)
  7 crimson imps
  3 bullfrog zombies
  4 hounds
  2 jellies
  2 bullfrog skeletons
  11 orc wizards
  3 orc priests
  A gnoll shaman (D:7)
  3 centaur skeletons
  3 iguanas
  6 worker ants
  A hound skeleton (D:5)
  A worker ant zombie (D:10)
  8 gnolls
  19 adders
  An ooze (D:1)
  An adder zombie (D:8)
  2 adder skeletons (D:4)
  3 worms
  6 dart slugs
  9 leopard geckos
  34 orcs
  6 giant cockroaches
  10 goblins
  9 hobgoblins
  7 jackals
  7 kobolds
  3 quokkas
  8 ball pythons
  8 bats
  10 frilled lizards
  A leopard gecko skeleton (D:5)
  A leopard gecko zombie (D:6)
  9 rats
  A bush (D:2)
  A plant (D:7)
261 creatures vanquished.

Notes
Turn   | Place    | Note
-------+----------+-------------------------------------------
     0 | D:1      | Snowbleach the Halfling Hunter began the quest for the Orb.
     0 | D:1      | Reached XP level 1. HP: 14/14 MP: 1/1
    86 | D:1      | Reached skill level 6 in Slings
    90 | D:1      | Reached XP level 2. HP: 12/19 MP: 2/2
   578 | D:1      | Reached XP level 3. HP: 24/24 MP: 3/3
   886 | D:1      | Reached skill level 7 in Slings
  1620 | D:2      | Reached XP level 4. HP: 29/29 MP: 4/4
  1733 | D:2      | Found a glowing golden altar of the Shining One.
  1944 | D:2      | Found a snail-covered altar of Cheibriados.
  1974 | D:2      | Became a worshipper of Cheibriados the Contemplative
  2032 | D:2      | Reached skill level 8 in Slings
  2075 | D:2      | Found a shimmering altar of Xom.
  2077 | D:2      | Found a deep blue altar of Sif Muna.
  2077 | D:2      | Found a sacrificial altar of Ru.
  2580 | D:2      | Reached XP level 5. HP: 34/34 MP: 5/5
  3152 | D:3      | Noticed cedor's ghost (amateur OpFE)
  3279 | D:3      | Reached * piety under Cheibriados
  3448 | D:3      | Found a white marble altar of Elyvilon.
  3554 | D:3      | Reached skill level 1 in Armour
  3675 | D:3      | Killed cedor's ghost
  3675 | D:3      | Reached skill level 9 in Slings
  3675 | D:3      | Reached XP level 6. HP: 34/41 MP: 6/6
  4183 | D:4      | Reached skill level 1 in Polearms
  4226 | D:4      | Reached XP level 7. HP: 39/46 MP: 3/7
  4324 | D:4      | Reached ** piety under Cheibriados
  4324 | D:4      | Reached skill level 1 in Short Blades
  5020 | D:5      | Entered Level 5 of the Dungeon
  5121 | D:5      | Noticed Sigmund
  5129 | D:5      | Killed Sigmund
  5129 | D:5      | Reached skill level 10 in Slings
  5129 | D:5      | Reached XP level 8. HP: 52/52 MP: 8/8
  5224 | D:5      | Found a glowing drain.
  5234 | Sewer    | Entered a sewer
  5397 | Sewer    | Reached *** piety under Cheibriados
  6140 | D:5      | Found a staircase to the Ecumenical Temple.
  6144 | D:5      | Noticed Menkaure
  6160 | D:5      | Killed Menkaure
  6160 | D:5      | Reached skill level 5 in Dodging
  6290 | Temple   | Entered the Ecumenical Temple
  6499 | D:5      | Noticed a dagger
  6500 | D:5      | Found a hide-covered altar of Uskayaw.
  6500 | D:5      | Noticed a dagger
  6843 | D:6      | Found a faded altar of an unknown god.
  6843 | D:6      | Found a faded altar of an unknown god.
  6851 | D:6      | Found a faded altar of an unknown god.
  6858 | D:6      | Found a faded altar of an unknown god.
  6860 | D:6      | Found a stormy altar of Qazlal.
  6969 | D:6      | Reached XP level 9. HP: 56/56 MP: 9/9
  7231 | D:6      | Reached skill level 5 in Short Blades
  7231 | D:6      | Reached skill level 11 in Slings
  7231 | D:6      | Reached skill level 5 in Armour
  7540 | D:6      | Found a shadowy altar of Dithmenos.
  7784 | D:7      | Reached **** piety under Cheibriados
  8825 | D:8      | Reached XP level 10. HP: 63/63 MP: 10/10
  8853 | D:8      | Reached skill level 12 in Slings
  8981 | D:8      | Found an opulent altar of Gozag.
  8981 | D:8      | Found a glowing silver altar of Zin.
  9163 | D:8      | Got a transparent chain mail
  9174 | D:8      | Identified the +2 chain mail of Claustrophobia {rF- Int+3 Dex+4} (You found it on level 8 of the Dungeon)
  9241 | D:8      | Reached ***** piety under Cheibriados
  9271 | D:8      | Found a sparkling altar of Nemelex Xobeh.
  9318 | D:8      | Found a white marble altar of Elyvilon.
  9526 | D:9      | Found Xopsyr Rerpho's Assorted Antiques.
  9740 | D:9      | Found a burning altar of Makhleb.
 10108 | D:9      | Found a staircase to the Lair.
 10200 | D:9      | Reached skill level 13 in Slings
 10264 | D:9      | Reached XP level 11. HP: 67/67 MP: 11/11
 10656 | D:10     | Entered Level 10 of the Dungeon
 11177 | D:10     | Slain by an orc warrior

Skill      XL: |  1  2  3  4  5  6  7  8  9 10 11 |
---------------+----------------------------------+-----
Slings         | 6 7 8 9 10 11 13 | 13.3
Fighting       | 2 3 |  3.0
Armour         | 1 3 4 6 7 8 |  8.1
Dodging        | 3 4 5 7 8 |  8.8
Polearms       | 1 |  1.1
Short Blades   | 3 4 6 8 |  8.8
Stealth        | |  1.1

Action                   |  1- 3 |  4- 6 |  7- 9 | 10-12 || total
-------------------------+-------+-------+-------+-------++-------
Melee: Spear             |       |   196 |       |       ||   196
       Hunting sling     |       |    13 |       |     5 ||    18
       Trident           |       |     5 |       |       ||     5
       Short sword       |       |     8 |       |       ||     8
       Falchion          |       |       |    33 |       ||    33
 Fire: Hunting sling     |    83 |   180 |   333 |   330 ||   926
Throw: Stone             |       |     9 |       |       ||     9
Invok: Bend Time         |       |     2 |     1 |     2 ||     5
  Use: Scroll            |       |     2 |    11 |     9 ||    22
       Potion            |       |       |       |     1 ||     1
  Eat: Bread ration      |     1 |       |     1 |       ||     2
       Chunk             |       |     5 |     3 |     3 ||    11
       Fruit             |       |       |     2 |       ||     2
Armor: Leather armour    |     5 |    13 |    19 |       ||    37
       Chain mail        |       |       |       |    66 ||    66
Dodge: Dodged            |    15 |    71 |    89 |   145 ||   320
